 Dungeon Crawl Stone Soup version 0.28.0-47-ge53b351184 (webtiles) character file.

Game seed: 2081849032395027200

35 Gabide the Grave Robber (level 1, -1/15 HPs)
             Began as a Mummy Necromancer on May 7, 2022.
             Was a Believer of Ru.
             Slain by an ogre
             ... wielding a +0 giant spiked club
              (16 damage)
             ... on level 2 of the Dungeon.
             The game lasted 00:03:09 (1448 turns).

Gabide the Grave Robber (Mummy Necromancer)         Turns: 1448, Time: 00:03:10

Health: -1/15      AC:  2    Str: 17    XL:     1   Next: 17%
Magic:  4/4        EV: 12    Int: 16    God:    Ru [**....]
Gold:   19         SH:  0    Dex: 12    Spells: 2/6 levels left

rFire   x . .      SeeInvis .   (no weapon)
rCold   + . .      Faith    .   (no shield)
rNeg    + + +      Spirit   .   a - +0 robe
rPois   ∞          Reflect  .   (no helmet)
rElec   .          Harm     .   (no cloak)
rCorr   .          Rampage  .   (no gloves)
Will    .....                   (no boots)
Stlth   ++........              (no amulet)
HPRegen 0.05/turn               d - +6 ring of strength
MPRegen 0.09/turn               (no ring)

@: no status effects
A: cold resistance 1, negative energy resistance 3, torment resistance 2, heat
vulnerability 1, inexperienced 1, no potions
a: Renounce Religion


You were on level 2 of the Dungeon.
You worshipped Ru.
Ru was pleased with you.
You visited 1 branch of the dungeon, and saw 2 of its levels.

You collected 19 gold pieces.

Inventory:

Missiles
 c - a throwing net
Armour
 a - a +0 robe (worn)
Jewellery
 d - a +6 ring of strength (left hand)
Scrolls
 b - a scroll of teleportation {unknown}
 e - a scroll of identify {unknown}


   Skills:
 + Level 1.0 Fighting
 + Level 1.9 Dodging
 - Level 1.5 Stealth
 + Level 3.1 Spellcasting
 * Level 4.4 Necromancy


You had 2 spell levels left.
You knew the following spells:

 Your Spells              Type           Power      Damage    Failure   Level
a - Pain                  Necr           64%        1d7       3%          1
b - Vampiric Draining     Necr           16%        2d7       9%          3

Your spell library contained the following spells:

 Spells                   Type           Power      Damage    Failure   Level
 Animate Skeleton         Necr           32%        N/A       3%          1
 Sting                    Tmut/Pois      8%         1d3       19%         1
 Poisonous Vapours        Pois/Air       4%         N/A       28%         2
 Animate Dead             Necr           8%         N/A       28%         4
 Agony                    Necr           16%        N/A       63%         5
 Olgreb's Toxic Radiance  Pois           2%         N/A       88%         4


Dungeon Overview and Level Annotations

Branches:
Dungeon (2/15)

Altars:
Ru


Innate Abilities, Weirdness & Mutations

You are immune to poison.
Your flesh is cold resistant. (rC+)
You are immune to negative energy. (rN+++)
You are immune to unholy pain and torment.
You are vulnerable to heat. (rF-)
You are somewhat inexperienced. (-2 XL)
You do not drink.


Message History

You kill the quokka!
Magic restored.
A rat comes into view.
The rat writhes in agony.
You kill the rat!
You can't see any susceptible monsters within range! (Use Z to cast anyway.)
Found 12 stones.
You now have 19 gold pieces (gained 5).
You pick up a Young Poisoner's Handbook and begin reading...
You add the spells Sting, Poisonous Vapours and Olgreb's Toxic Radiance to your library.
An endoplasm comes into view.
The endoplasm writhes in agony.
The endoplasm writhes in agony.
You kill the endoplasm!
Found an escape hatch in the floor.
A hobgoblin comes into view.
The hobgoblin shouts!
The hobgoblin writhes in agony.
A goblin comes into view. It is wielding a +0 dagger.
The hobgoblin writhes in agony.
You kill the hobgoblin!
The goblin shouts!
The goblin writhes in agony.
You kill the goblin!
You can't see any susceptible monsters within range! (Use Z to cast anyway.)
An ogre comes into view. It is wielding a +0 giant spiked club.
The ogre shouts!
You can't see any susceptible monsters within range! (Use Z to cast anyway.)
The ogre writhes in agony.
The ogre writhes in agony.
The ogre writhes in agony.
There is a stone staircase leading up here.
You climb upwards.
There is a stone staircase leading down here.
You start resting.
Magic restored.
You climb downwards.
The ogre hits you with a +0 giant spiked club!
Ouch! That really hurt!
You die...

###########
..........#
#########.#
#.#######..#
#.........##
#.#####O#...##
#@##..#.#
##.#.#.##
##...## ##
##.## ..# #.#
#.# #.# # ..#
#.# ## #.#
#######.#
.########.#
#.......#


You could see an ogre.

Vanquished Creatures
  A gnoll (D:1)
  2 dart slugs (D:1)
  A bat (D:1)
  4 endoplasms
  3 goblins
  3 hobgoblins
  A quokka (D:2)
  2 frilled lizards (D:1)
  3 rats
20 creatures vanquished.

Notes
Turn   | Place    | Note
-------+----------+-------------------------------------------
     0 | D:1      | Gabide the Mummy Necromancer began the quest for the Orb.
     0 | D:1      | Reached XP level 1. HP: 13/13 MP: 4/4
   161 | D:1      | Reached XP level 2. HP: 20/20 MP: 1/5
  1035 | D:1      | Reached skill level 1 in Fighting
  1035 | D:1      | Reached XP level 3. HP: 26/26 MP: 5/7
  1039 | D:1      | Learned a level 3 spell: Vampiric Draining
  1089 | D:1      | Found a faded altar of an unknown god.
  1093 | D:1      | Prayed at the altar of an unknown god.
  1093 | D:1      | Became a worshipper of Ru the Awakened
  1103 | D:1      | Gained mutation: You are somewhat inexperienced. (-2 XL)
                  | [Ru sacrifice]
  1103 | D:1      | Reached XP level 2. HP: 21/21 MP: 6/6
  1103 | D:1      | Reached XP level 1. HP: 15/15 MP: 4/4
  1103 | D:1      | Reached * piety under Ru
  1103 | D:1      | Reached ** piety under Ru
  1387 | D:2      | Noticed an ogre
  1448 | D:2      | Slain by an ogre

Illustrated notes

Levels and vault maps discovered:
D:1:      dpeg_arrival_fog, layout_loops_ring, chequers_ecumenical_altar_grove
D:2:      layout_loops_ring, glass_columns_a, minivault_11, uniq_jessica

Skill      XL: |  1  2 |
---------------+-------+-----
Spellcasting   | 3 |  3.1
Fighting       | 1 |  1.0
Dodging        | |  1.9
Stealth        | |  1.5
Necromancy     | |  4.4

Action                   || total
-------------------------++-------
 Cast: Pain              ||    45
Invok: Sacrifice Experie ||     1
Armor: Robe              ||     1
Dodge: Dodged            ||     1
